General information
- name: BNet
- type: Ladder team game (AT/RT)
- host: Battle.net
- saver: WeAreDoomed
map: FullScaleAssault
- players: 8
- length: 18:10
- speed: Fast
- version: 1.24 W3XP
- replay type: Public
» download(108 KB)
Players
team 1 (winner)
Bangles (
pink | 58 APM | 1060 actions | 18:10)
6 Pit Lord
3 Howl of Terror
3 Cleaving Attack
» actions
| Assign group hotkey | 385 | |
| Build / train | 55 | |
| Enter build submenu | 20 | |
| Enter hero's abilities submenu | 8 | |
| Right click | 266 | |
| Select / deselect | 260 | |
| Select group hotkey | 13 | |
| Use ability | 53 | |
1060 total
» units
| Acolyte | 7 | |
| Ghoul | 5 | |
| Crypt Fiend | 5 | |
| Goblin Zeppelin | 1 | |
| Frost Wyrm | 7 | |
25 total
» upgrades
| Creature Attack | 2 | |
| Creature Carapace | 2 | |
| Web | 1 | |
| Burrow | 1 | |
| Freezing Breath | 1 | |
7 total
» buildings
| Ziggurat | 9 | |
| Altar of Darkness | 1 | |
| Crypt | 2 | |
| Tomb of Relics | 1 | |
| Graveyard | 1 | |
| Halls of the Dead | 1 | |
| Black Citadel | 1 | |
| Sacrificial Pit | 1 | |
| Boneyard | 3 | |
20 total
» build order
00:08 Ziggurat
00:13 Altar of Darkness
00:26 Crypt
00:53 Tomb of Relics
02:02 Ziggurat
02:14 Graveyard
02:45 Crypt
03:00 Ziggurat
05:11 Halls of the Dead
07:14 Ziggurat
07:39 Ziggurat
07:43 Ziggurat
09:14 Black Citadel
10:28 Sacrificial Pit
11:47 Boneyard
11:48 Boneyard
11:49 Boneyard
15:04 Ziggurat
15:04 Ziggurat
15:06 Ziggurat
» items
MahBoi (
teal | 46 APM | 837 actions | 18:10)
2 Lich
1 Frost Nova
1 Dark Ritual
» actions
| Assign group hotkey | 7 | |
| Basic commands | 4 | |
| Build / train | 74 | |
| Enter build submenu | 16 | |
| Enter hero's abilities submenu | 2 | |
| Right click | 308 | |
| Select / deselect | 273 | |
| Select group hotkey | 130 | |
| Use ability | 23 | |
837 total
» units
| Acolyte | 3 | |
| Ghoul | 50 | |
| Abomination | 5 | |
58 total
» upgrades
| Unholy Strength | 3 | |
| Unholy Armor | 3 | |
| Ghoul Frenzy | 1 | |
| Disease Cloud | 1 | |
| Cannibalize | 1 | |
9 total
» buildings
| Altar of Darkness | 1 | |
| Ziggurat | 9 | |
| Crypt | 2 | |
| Graveyard | 1 | |
| Halls of the Dead | 1 | |
| Black Citadel | 1 | |
| Slaughterhouse | 2 | |
17 total
» build order
00:10 Altar of Darkness
00:16 Ziggurat
00:44 Crypt
01:04 Ziggurat
01:40 Crypt
01:44 Graveyard
02:31 Ziggurat
02:58 Ziggurat
06:51 Halls of the Dead
06:59 Ziggurat
07:28 Ziggurat
07:50 Ziggurat
07:51 Ziggurat
07:59 Ziggurat
09:22 Black Citadel
14:01 Slaughterhouse
14:05 Slaughterhouse
DarkPower10 (
yellow | 33 APM | 603 actions | 18:10)
5 Death Knight
3 Death Pact
1 Death Coil
1 Unholy Aura
2 Lich
1 Frost Armor
1 Frost Nova
» actions
| Basic commands | 60 | |
| Build / train | 73 | |
| Enter build submenu | 20 | |
| Enter hero's abilities submenu | 7 | |
| Give item / drop item | 3 | |
| Right click | 175 | |
| Select / deselect | 213 | |
| Use ability | 50 | |
603 total
» units
| Acolyte | 9 | |
| Ghoul | 5 | |
| Crypt Fiend | 15 | |
| Blue Drake | 1 | |
| Blue Dragon Whelp | 1 | |
| Obsidian Statue | 2 | |
| Frost Wyrm | 6 | |
39 total
» upgrades
| Creature Attack | 3 | |
| Creature Carapace | 2 | |
| Web | 1 | |
| Burrow | 1 | |
| Freezing Breath | 1 | |
8 total
» buildings
| Ziggurat | 8 | |
| Altar of Darkness | 1 | |
| Crypt | 1 | |
| Tomb of Relics | 1 | |
| Graveyard | 1 | |
| Nerubian Tower | 8 | |
| Necropolis | 1 | |
| Halls of the Dead | 1 | |
| Black Citadel | 1 | |
| Sacrificial Pit | 1 | |
| Slaughterhouse | 1 | |
| Boneyard | 4 | |
29 total
» build order
00:24 Ziggurat
00:55 Altar of Darkness
01:00 Crypt
01:04 Tomb of Relics
01:17 Graveyard
01:26 Nerubian Tower
01:41 Ziggurat
03:55 Ziggurat
05:44 Necropolis
05:56 Ziggurat
05:58 Ziggurat
07:02 Halls of the Dead
07:13 Nerubian Tower
08:57 Nerubian Tower
09:00 Ziggurat
09:02 Ziggurat
09:05 Ziggurat
12:33 Black Citadel
12:38 Sacrificial Pit
12:40 Slaughterhouse
13:18 Nerubian Tower
13:20 Nerubian Tower
13:21 Nerubian Tower
14:45 Nerubian Tower
15:00 Boneyard
15:09 Boneyard
15:20 Boneyard
15:23 Boneyard
15:27 Nerubian Tower
» items
| Rod of Necromancy | 2 | |
| Sacrificial Skull | 1 | |
| Potion of Lesser Invulnerability | 1 | |
| Scroll of Town Portal | 1 | |
| Potion of Healing | 2 | |
7 total

»
FiloPastry (
blue | 33 APM | 593 actions | 18:10)
5 Blademaster
2 Wind Walk
3 Critical Strike
» actions
| Build / train | 41 | |
| Enter build submenu | 28 | |
| Enter hero's abilities submenu | 5 | |
| Right click | 218 | |
| Select / deselect | 249 | |
| Use ability | 52 | |
593 total
» units
| Peon | 8 | |
| Grunt | 4 | |
| Troll Headhunter/Berserker | 3 | |
| Raider | 10 | |
25 total
» upgrades
| Spiked Barricades | 2 | |
| Ensnare | 1 | |
| Melee Weapons | 2 | |
| Pillage | 1 | |
6 total
» buildings
| Orc Burrow | 8 | |
| Altar of Storms | 1 | |
| Barracks | 1 | |
| Voodoo Lounge | 2 | |
| War Mill | 1 | |
| Watch Tower | 6 | |
| Stronghold | 1 | |
| Beastiary | 2 | |
| Fortress | 1 | |
23 total
» build order
00:09 Orc Burrow
00:12 Altar of Storms
00:54 Barracks
01:26 Orc Burrow
01:46 Voodoo Lounge
01:54 Voodoo Lounge
02:24 War Mill
02:45 Orc Burrow
03:44 Watch Tower
04:15 Stronghold
04:40 Watch Tower
05:16 Orc Burrow
05:35 Watch Tower
06:42 Beastiary
07:55 Beastiary
08:28 Watch Tower
08:31 Watch Tower
08:43 Orc Burrow
09:40 Orc Burrow
10:16 Fortress
11:29 Orc Burrow
13:59 Watch Tower
14:03 Orc Burrow
» items
team 2 (loser)
honganh (
red | 43 APM | 787 actions | 18:07)
3 Tauren Chieftain
2 Shockwave
1 Endurance Aura
4 Shadow Hunter
2 Healing Wave
2 Hex
» actions
| Assign group hotkey | 14 | |
| Basic commands | 2 | |
| Build / train | 50 | |
| Enter build submenu | 19 | |
| Enter hero's abilities submenu | 7 | |
| Remove unit from queue | 1 | |
| Right click | 258 | |
| Select / deselect | 133 | |
| Select group hotkey | 265 | |
| Use ability | 38 | |
787 total
» units
| Peon | 12 | |
| Troll Witch Doctor | 5 | |
| Shaman | 5 | |
| Tauren | 5 | |
27 total
» upgrades
| Armor | 2 | |
| Melee Weapons | 1 | |
| Spiked Barricades | 1 | |
| Witch Doctor Training | 2 | |
| Shaman Training | 2 | |
| Reinforced Defenses | 1 | |
| Pulverize | 1 | |
10 total
» buildings
| Altar of Storms | 1 | |
| Orc Burrow | 7 | |
| Voodoo Lounge | 1 | |
| War Mill | 1 | |
| Barracks | 1 | |
| Watch Tower | 2 | |
| Stronghold | 1 | |
| Fortress | 1 | |
| Spirit Lodge | 2 | |
| Tauren Totem | 2 | |
| Great Hall | 1 | |
20 total
» build order
00:21 Altar of Storms
00:36 Orc Burrow
00:58 Voodoo Lounge
01:40 Orc Burrow
01:50 War Mill
02:23 Barracks
02:48 Orc Burrow
03:30 Watch Tower
03:38 Stronghold
04:06 Orc Burrow
04:15 Watch Tower
04:42 Orc Burrow
06:06 Fortress
06:15 Spirit Lodge
06:29 Spirit Lodge
07:47 Orc Burrow
08:59 Tauren Totem
09:04 Tauren Totem
09:49 Orc Burrow
14:41 Great Hall
Immortal_Diba (
green | 33 APM | 576 actions | 17:31)
3 Archmage
2 Summon Water Elemental
1 Brilliance Aura
» actions
| Assign group hotkey | 3 | |
| Basic commands | 34 | |
| Build / train | 31 | |
| Enter build submenu | 19 | |
| Enter hero's abilities submenu | 3 | |
| Right click | 289 | |
| Select / deselect | 140 | |
| Select group hotkey | 17 | |
| Use ability | 40 | |
576 total
» units
| Peasant | 11 | |
| Dragonhawk Rider | 14 | |
25 total
» buildings
| Altar of Kings | 1 | |
| Farm | 7 | |
| Keep | 1 | |
| Lumber Mill | 1 | |
| Barracks | 1 | |
| Arcane Vault | 1 | |
| Castle | 1 | |
| Gryphon Aviary | 2 | |
| Blacksmith | 2 | |
| Town Hall | 4 | |
21 total
» build order
00:07 Altar of Kings
00:09 Farm
01:45 Farm
02:12 Farm
02:15 Farm
02:30 Keep
02:41 Farm
02:58 Lumber Mill
03:09 Barracks
03:19 Arcane Vault
04:58 Castle
05:07 Gryphon Aviary
05:46 Gryphon Aviary
05:52 Blacksmith
08:49 Town Hall
08:52 Town Hall
13:25 Town Hall
13:32 Town Hall
14:38 Farm
14:38 Farm
14:49 Blacksmith
Em-Ten-Cu (
purple | 30 APM | 522 actions | 17:26)
4 Paladin
2 Holy Light
1 Divine Shield
1 Devotion Aura
» actions
| Assign group hotkey | 1 | |
| Basic commands | 24 | |
| Build / train | 40 | |
| Enter build submenu | 25 | |
| Enter hero's abilities submenu | 4 | |
| Right click | 185 | |
| Select / deselect | 201 | |
| Select group hotkey | 1 | |
| Use ability | 41 | |
522 total
» units
| Peasant | 8 | |
| Footman | 8 | |
| Knight | 6 | |
| Siege Engine | 3 | |
25 total
» upgrades
| Lumber Harvesting | 1 | |
| Barrage | 1 | |
| Swords | 1 | |
| Plating | 1 | |
4 total
» buildings
| Altar of Kings | 1 | |
| Farm | 12 | |
| Barracks | 2 | |
| Lumber Mill | 1 | |
| Scout Tower | 3 | |
| Guard Tower | 3 | |
| Keep | 1 | |
| Blacksmith | 2 | |
| Castle | 1 | |
| Workshop | 2 | |
28 total
» build order
00:09 Altar of Kings
00:29 Farm
00:45 Barracks
00:49 Barracks
01:00 Lumber Mill
01:06 Farm
01:43 Scout Tower
01:58 Farm
02:06 Scout Tower
02:22 Guard Tower
02:44 Farm
03:26 Keep
03:37 Blacksmith
04:02 Blacksmith
04:17 Guard Tower
05:26 Scout Tower
05:47 Castle
05:54 Workshop
06:02 Workshop
08:34 Farm
09:13 Farm
09:24 Farm
11:12 Farm
11:16 Farm
11:56 Farm
12:08 Farm
12:57 Farm
14:28 Guard Tower
» items
WeAreDoomed (
orange | 36 APM | 657 actions | 18:10)
» actions
| Assign group hotkey | 2 | |
| Basic commands | 111 | |
| Build / train | 14 | |
| Enter build submenu | 4 | |
| Right click | 310 | |
| Select / deselect | 200 | |
| Use ability | 16 | |
657 total
» units
» buildings
| Lumber Mill | 1 | |
| Scout Tower | 3 | |
| Guard Tower | 3 | |
7 total
» build order
08:22 Lumber Mill
08:31 Scout Tower
08:47 Guard Tower
08:48 Guard Tower
08:49 Scout Tower
09:00 Scout Tower
09:16 Guard Tower
Chat log
(00:14 / Allies) Immortal_Diba: units??
(00:26 / Allies) honganh: fast tech to melee
(00:28 / Allies) honganh: pls get aa
(00:31 / Allies) honganh: PLESE
(00:37 / Allies) Immortal_Diba: yeh depends wat oj gets
(00:38 / Allies) Em-Ten-Cu: knights and tank
(00:39 / Allies) Immortal_Diba: if he comes
(00:46 / Allies) honganh: fuk knights
(00:49 / Allies) honganh: get tanks and aa
(01:09 / Allies) Immortal_Diba: um ill go hawks massed hard
(01:12 / Allies) honganh: wow at oj
(01:29 / Allies) Immortal_Diba: he will come
(01:53 / Allies) honganh: 0-7
(02:08 / Allies) Immortal_Diba: his game stats??
(02:11 / Allies) honganh: ya
(02:16 / Allies) Immortal_Diba: nvm
(02:27 / Allies) Immortal_Diba: 1-7 after this
(02:29 / Allies) honganh: so coutn him out
(02:39 / Allies) honganh: i got melee just get aa
(02:45 / Allies) Immortal_Diba: yeh ill go hawks
(02:49 / Allies) Immortal_Diba: cbf with tanks
(03:14 / Allies) honganh: let me creep with u green
(03:20 / Allies) Immortal_Diba: k
(04:07 / Allies) WeAreDoomed: can I have those slippers of agility?
(04:15 / Allies) Immortal_Diba: oh ur here
(04:22 / Allies) Immortal_Diba: yeh wen u build a hero......
(04:23 / Allies) WeAreDoomed: I want them to mine gold faster
(04:29 / Allies) honganh: ROFL
(04:31 / Allies) honganh: lol
(04:47 / Allies) Immortal_Diba: hes prob tk
(05:03 / Allies) WeAreDoomed: bbl
(05:06 / Allies) WeAreDoomed: taking a shower
(05:12 / Allies) WeAreDoomed: don't steal my gold mine
(05:14 / Allies) WeAreDoomed: I need it
(05:15 / Allies) Immortal_Diba: yeh hes a complete dickhed
(05:20 / Allies) Immortal_Diba: kill him now
(05:25 / Allies) honganh: nah hes just a fuken noob
(05:29 / Allies) Immortal_Diba: nah hes not
(05:31 / Allies) Immortal_Diba: trust me
(05:35 / Allies) Immortal_Diba: take his mine as expo
(05:36 / Allies) WeAreDoomed: If I still have a base when I'm back I'll play
(05:44 / Allies) honganh: ya we should
(05:52 / Allies) WeAreDoomed: Don 't be thieves
(05:55 / Allies) Immortal_Diba: jus do it...
(06:03 / Allies) Immortal_Diba: hes being a smart ass
(06:36 / Allies) Em-Ten-Cu: hey
(07:36 / Allies) honganh: k lets play like that
(08:14 / Allies) WeAreDoomed: AWW
(08:18 / Allies) WeAreDoomed: why you got to bring air into this
(08:30 / Allies) honganh: fix ur base
(08:41 / Allies) Immortal_Diba: i was
(08:42 / Allies) honganh: wow green
(08:43 / Allies) honganh: wtf
(09:00 / Allies) Immortal_Diba: good news
(09:02 / Allies) Immortal_Diba: i dont need it
(09:28 / Allies) honganh: wow guyz u guyz know how to play?
(10:06 / Allies) Immortal_Diba: can we finish him plz
(10:35 / Allies) honganh: leave him
(10:46 / Allies) honganh: sigh
(10:58 / Allies) Immortal_Diba: ahhh oj
(11:00 / Allies) Immortal_Diba: u like that
(11:02 / Allies) WeAreDoomed: pussies
(11:29 / Allies) honganh: green come there
(11:37 / Allies) WeAreDoomed: I'll take all of ya
(11:49 / Allies) WeAreDoomed: Gang up on one guy why don'tcha tough guys!
(11:51 / Allies) WeAreDoomed: PAnsies!
(12:01 / Allies) Immortal_Diba: tk thought u were tough???
(12:06 / Allies) Immortal_Diba: r u retarded
(12:10 / Allies) WeAreDoomed: What you think you're good?
(12:17 / Allies) WeAreDoomed: I got surrounded your hero twice with militia!
(12:21 / Allies) Immortal_Diba: im playing a game u fuck head???
(12:21 / Allies) WeAreDoomed: You ain't nothing!
(12:23 / Allies) WeAreDoomed: Had to get air!
(12:26 / Allies) WeAreDoomed: Pussy!
(12:32 / Allies) Immortal_Diba: lol culdnt handle air
(12:32 / Allies) Immortal_Diba: fag
(12:37 / Allies) WeAreDoomed: I own you, you're my bitch!
(12:49 / Allies) Immortal_Diba: i fuked ur mum several times until she bled
(12:50 / Allies) WeAreDoomed: Not my fault blizzard didn't make range militia
(12:54 / Allies) Immortal_Diba: shes my bitch
(12:58 / Allies) WeAreDoomed: Blizzard should give me some muskets!
(13:05 / Allies) honganh: fix ur base
(13:11 / All) WeAreDoomed: HALLED AGAIN LOL!
(13:15 / All) WeAreDoomed: CHUMP!
(13:21 / All) WeAreDoomed: HALLED BY GHOOLS TWICE
(13:28 / All) WeAreDoomed: WHAT A NINCOMPOOP!
(13:41 / All) Immortal_Diba: lol teal
(13:47 / All) Immortal_Diba: passes through empty space
(13:48 / Allies) honganh: purp get aa
(13:49 / All) Immortal_Diba: fair game
(14:01 / All) WeAreDoomed: TOOK ALL THREE OF EM TO GET MY MILITIA
(14:13 / Allies) Em-Ten-Cu: gogogg
(14:44 / All) WeAreDoomed: WATCH OUT FROM ABOVE!
(14:50 / All) WeAreDoomed: THEY'RE SWOOPING THROUGH THE NORTH
(14:53 / All) WeAreDoomed: THE BRITISH ARE COMING
(14:56 / All) WeAreDoomed: THE BRITISH ARE COMING
(15:00 / All) MahBoi: by land or sea?
(15:06 / All) WeAreDoomed: BY LAND AND BY AIR!
(15:20 / All) Immortal_Diba: oj balls havnt dropped
(15:26 / All) WeAreDoomed: GIVE ME FREEDOM OR GIVE ME DEATH
(15:27 / All) Immortal_Diba: hasnt fully matured
(15:43 / Allies) Immortal_Diba: next
(16:01 / All) WeAreDoomed: STAND AND DELIVER GENTLEMEN
(16:07 / All) WeAreDoomed: WE HAVE NOT YET BEGUN TO FIGHT
(16:26 / All) WeAreDoomed: CHARGE!
(16:37 / All) WeAreDoomed: FOR LIBERTY
(16:44 / All) WeAreDoomed: HOOZAH!
(16:45 / All) WeAreDoomed: HOOZAH!
(17:21 / All) Immortal_Diba: fair win
(17:23 / All) WeAreDoomed: THE RIGHTEOUS HAVE PREVAILED THIS DAY
(17:33 / All) MahBoi: huzzah
(17:38 / All) WeAreDoomed: HOOZAH
(17:42 / All) honganh: i dont understand lil kids
(17:42 / All) WeAreDoomed: Real talk, gg noob allies
(17:51 / All) Bangles: Fuck yeah!
(17:55 / All) MahBoi: woot
(17:56 / All) honganh: they come into this game and just fuk things up
(18:02 / All) honganh: seriously
(18:08 / All) Bangles: Fuck yeah